Map: Kairos Junction LE

Players

Railgun - Winner!

  • Race: Terran Terran
  • Spawn Location: 5:00

Madcoat

  • Race: Protoss Protoss
  • League: Gold
  • Spawn Location: 11:00

VOD

Have the link to the VOD?

Description

Time

  • Played on: Feb. 21, 2019, 9:11 p.m.
  • Length: 8:34
Show
View Real Time Build Order
Export as new Build Order

Railgun Terran - Winner!

Build Orders:  

Get SALT Encoding   

  12  0:00  SCV  
  13  0:12  SCV  
  14  0:19  Supply Depot  
  14  0:24  SCV  
  15  0:40  SCV  
  15  0:41  Barracks  
  16  0:45  Refinery  
  16  0:52  SCV  
  17  1:04  SCV  
  18  1:16  SCV  
  19  1:31  Orbital Command, Marine  
  20  1:39  Supply Depot  
  20  1:49  Factory  
  20  1:50  Refinery  
  20  1:58  SCV  
  21  2:05  Reaper  
  22  2:10  SCV  
  23  2:15  Barracks  
  23  2:22  SCV  
  24  2:24  Barracks  
  24  2:35  Factory Tech Lab  
  24  2:36  SCV  
  25  2:41  Starport  
  25  2:47  Marine  
  25  2:48  SCV  
  27  2:56  Siege Tank  
  30  3:00  SCV  
  30  3:01  Supply Depot  
  31  3:21  Starport Tech Lab  
  31  3:22  Marine x3  
  31  3:23  SCV  
  31  3:25  Supply Depot  
  35  3:33  Siege Tank  
  38  3:40  Marine  
  39  3:46  Banshee, Marine  
  43  3:49  Supply Depot  
  43  3:52  Marine  
  44  3:58  Supply Depot  
  44  4:05  Marine  
  44  4:08  Marine  
  44  4:09  SCV  
  47  4:12  Siege Tank  
  47  4:14  Marine  
  51  4:23  Marine  
  52  4:26  Marine  
  53  4:31  Supply Depot  
  53  4:32  Marine  
  53  4:37  Banshee  
  57  4:41  Marine  
  57  4:56  Marine x2  
  57  4:57  Siege Tank  
  62  5:11  Bunker  
  62  5:16  Marine x3  
  62  5:20  SCV  
  66  5:21  Supply Depot  
  66  5:34  Marine x2  
  68  5:36  Marine  
  68  5:41  Supply Depot  
  69  5:43  Siege Tank  
  72  6:02  Banshee, Marine x3  
  78  6:16  Siege Tank  
  81  6:19  Marine  
  81  6:20  Marine x2  
  84  6:36  Supply Depot  
  84  6:37  Marine x2  
  84  6:39  Marine  
  84  6:55  Marine x2  
  84  6:57  Marine  
  87  7:05  Siege Tank  
  78  7:13  Marine x2  
  78  7:15  Marine  
  79  7:31  Marine x2  
  79  7:32  Marine  
  76  7:47  Siege Tank  
  76  7:49  Marine x2  
  76  7:50  Marine  
  82  7:54  Bunker  
  82  8:06  Marine x2  
  82  8:08  Marine  
Show
View Real Time Build Order
Export as new Build Order

Madcoat Protoss 

Build Orders: Phoenix Opening 

Get SALT Encoding   

  12  0:00  Probe  
  13  0:13  Probe  
  14  0:22  Pylon  
  14  0:25  Probe  
  15  0:36  Probe  
  16  0:44  Probe  
  16  0:47  Gateway  
  17  0:54  Probe  
  18  0:57  Assimilator  
  18  1:06  Probe  
  18  1:10  Assimilator  
  19  1:18  Probe  
  19  1:19  Gateway  
  20  1:30  Probe  
  21  1:34  Pylon  
  21  1:37  Cybernetics Core  
  21  1:43  Probe  
  22  1:51  Probe  
  22  1:59  Probe  
  24  2:09  Probe  
  24  2:13  Warp Gate  
  25  2:21  Stalker, Probe  
  28  2:24  Sentry  
  30  2:33  Probe  
  30  2:47  Nexus  
  30  2:49  Assimilator  
  30  2:52  Assimilator  
  30  3:01  Probe  
  30  3:26  Robotics Facility  
  30  3:27  Probe  
  31  3:37  Pylon  
  31  3:42  Pylon  
  31  3:45  Phoenix  
  31  3:55  Probe  
  32  4:07  Stalker x2  
  36  4:14  Probe x2  
  38  4:26  Pylon  
  38  4:29  Immortal  
  38  4:30  Pylon  
  42  4:33  Probe  
  42  4:34  Probe  
  44  4:58  Shield Battery x2  
  44  5:01  Pylon  
  44  5:02  Gateway  
  44  5:04  Gateway  
  44  5:06  Gateway  
  44  5:11  Observer  
  43  5:18  Pylon  
  43  5:19  Pylon  
  43  5:28  Stalker x2  
  45  5:34  Robotics Bay  
  47  5:38  Shield Battery  
  47  5:41  Forge  
  47  6:01  Stalker x2  
  49  6:19  Disruptor  
  49  6:24  Pylon  
  50  6:54  Observer  
  50  7:02  Disruptor  
  51  7:12  Stalker x3  
  42  7:31  Shield Battery  
  42  7:32  Shield Battery  
  33  7:46  Stalker x2  
Tags
 
League
Gold
Matchup
PvT
Replay Pack
20190221
Spawn Locations
Cross Positions
Add a new tag
Caveats
  • Supply blocks, unpowered buildings, or Contaminate may cause inaccurate times.
  • Supply counts are checked every 10 seconds.